 Seeded DCSS version 0.28-a0-1143-gcf6077d (webtiles) character file.

Game seed: 4194407014631911557 (custom seed)

186 edsrzf the Conjurer (level 5, -5/24 HPs)
             Began as a Vine Stalker Air Elementalist on Dec 12, 2021.
             Slain by Edmund (9 damage)
             ... on level 4 of the Dungeon on Dec 13, 2021.
             The game lasted 00:14:22 (3904 turns).

edsrzf the Conjurer (Vine Stalker Air Elementalist) Turns: 3904, Time: 00:14:23

Health: -5/24      AC:  4    Str: 11    XL:     5   Next: 66%
Magic:  0/9        EV: 12    Int: 17    God:
Gold:   157        SH:  0    Dex: 14    Spells: 7/8 levels left

rFire   . . .      SeeInvis .   a - +3 dagger (venom)
rCold   . . .      Faith    .   (no shield)
rNeg    . . .      Spirit   +   k - +0 robe
rPois   .          Reflect  .   (no helmet)
rElec   .          Harm     .   d - +1 cloak
rCorr   .          Rampage  .   (no gloves)
Will    .....                   (no boots)
Stlth   ++........              (no amulet)
HPRegen 0.88/turn               (no ring)
MPRegen 0.11/turn               (no ring)

@: no status effects
A: fangs 2, regeneration 1, magic shield, antimagic bite, no potion heal 2
a: no special abilities


You were on level 4 of the Dungeon.
You visited 1 branch of the dungeon, and saw 4 of its levels.

You collected 157 gold pieces.

Inventory:

Hand Weapons
 a - a +3 dagger of venom (weapon)
 n - a +1 dagger of speed
Missiles
 e - 2 datura-tipped darts
 m - 2 silver boomerangs
 o - 6 poisoned darts
Armour
 d - a +1 cloak (worn)
 k - a +0 robe (worn)
Jewellery
 g - a ring of fire
Scrolls
 f - 2 scrolls of identify
 i - a scroll of enchant weapon
Potions
 b - a potion of cancellation
 c - a potion of curing {unknown}
 h - a potion of resistance {unknown}
 l - a potion of mutation {unknown}


   Skills:
 - Level 1.5 Dodging
 - Level 2.4 Stealth
 - Level 2.1 Spellcasting
 + Level 5.4 Conjurations
 - Level 3.0 Air Magic


You had 7 spell levels left.
You knew the following spells:

 Your Spells              Type           Power      Damage    Failure   Level
X - Shock                 Conj/Air       64%        1d7       3%          1

Your spell library contained the following spells:

 Spells                   Type           Power      Damage    Failure   Level
 Static Discharge         Conj/Air       16%        N/A       5%          2
 Swiftness                Air            12%        N/A       17%         3
 Airstrike                Air            6%         N/A       50%         4


Dungeon Overview and Level Annotations

Branches:
Dungeon (4/15)
 Temple: D:4-7

Altars:
Elyvilon

Annotations:
D:4 Edmund


Innate Abilities, Weirdness & Mutations

You have extremely sharp teeth.
Your natural rate of healing is unusually fast.
When hurt, damage is shared between your health and your magic reserves.
Your bite disrupts and absorbs the magic of your enemies.
Potions cannot restore your health.


Message History

The zap misses Edmund. x2; Edmund closely misses you.
Casting: Shock (safe; 3% risk of failure)
Confirm with . or Enter, or press ? or * to list all spells.
The zap hits Edmund.
Edmund is lightly wounded.
The zap hits Edmund.
Edmund is lightly wounded.
Edmund hits you with a +1 vorpal flail!
You hit Edmund.
Edmund is poisoned.
Edmund is lightly wounded.
Edmund barely misses you.
You closely miss Edmund. You bite Edmund. You drain his power.
You feel invigorated.
Edmund is moderately wounded.
Edmund hits you with a +1 vorpal flail!
* * * LOW HITPOINT WARNING * * *
x2 You barely miss Edmund.
Edmund is moderately wounded.
Edmund hits you with a +1 vorpal flail!
* * * LOW HITPOINT WARNING * * *
x2
Press: ? - help, v - describe, . - travel
Here: Edmund, wielding a +1 vorpal flail and wearing a +1 leather armour of willpower (moderately wounded, poisoned)
The floor.
Edmund looks more healthy.
Edmund says, "A flail is better than a scythe, any day of the week!"
You hit Edmund.
Edmund is poisoned.
Edmund is heavily wounded.
Edmund closely misses you.
You hit Edmund but do no damage.
Edmund looks as sick as possible!
Edmund is heavily wounded.
Edmund drinks a potion.
Edmund is healed!
Press: ? - help, v - describe, . - travel
Here: Edmund, wielding a +1 vorpal flail and wearing a +1 leather armour of willpower (lightly wounded, extremely poisoned)
The floor.
Okay, then.
Okay, then.
Okay, then.
You barely miss Edmund.
Edmund is moderately wounded.
Edmund closely misses you.
Okay, then.
You hit Edmund but do no damage.
Edmund is moderately wounded.
Edmund hits you with a +1 vorpal flail.
Casting: Shock (safe; 3% risk of failure)
Confirm with . or Enter, or press ? or * to list all spells.
Okay, then.
As you read the scroll labelled ZOADOU HEXT, it crumbles to dust.
It is a scroll of identify.
b - a potion of cancellation Edmund says, "People accused me of being a cutpurse!"
Edmund hits you with a +1 vorpal flail.
As you read the scroll labelled HUSULOE APPILY, it crumbles to dust.
It is a scroll of enchant weapon.
Your +2 dagger of venom glows red for a moment.
Edmund barely misses you.
As you read the scroll labelled ULLIAQ TOPSE, it crumbles to dust.
It is a scroll of enchant armour.
Your +0 cloak glows green for a moment.
Edmund closely misses you.
You barely miss Edmund. You bite Edmund, but do no damage.
Edmund is heavily wounded.
Edmund barely misses you.
You completely miss Edmund.
Edmund is heavily wounded.
Edmund hits you with a +1 vorpal flail.
You hit Edmund but do no damage. Your bite misses Edmund.
Edmund is heavily wounded.
Edmund hits you with a +1 vorpal flail.
You hit Edmund. You bite Edmund. You drain his power.
You feel invigorated.
Edmund is severely wounded.
Edmund hits you but does no damage.
Okay, then.
Okay, then.
Press: ? - help, v - describe, . - travel
Here: Edmund, wielding a +1 vorpal flail and wearing a +1 leather armour of willpower (severely wounded, very poisoned)
The floor.
You hit Edmund.
Edmund looks as sick as possible!
Your bite misses Edmund.
Edmund is severely wounded.
Edmund hits you with a +1 vorpal flail!
* * * LOW HITPOINT WARNING * * *
x2
Okay, then.
Casting: Shock (safe; 3% risk of failure)
Confirm with . or Enter, or press ? or * to list all spells.
Aiming: Shock (safe; 3% risk of failure)
Press: ? - help, Shift-Dir - straight line, f/p - Edmund
Aim: Edmund, wielding a +1 vorpal flail and wearing a +1 leather armour of willpower (almost dead, extremely poisoned, 71% to hit)
The zap hits Edmund.
Edmund is almost dead.
Edmund closely misses you.
Okay, then.
Press: ? - help, v - describe, . - travel
Here: Edmund, wielding a +1 vorpal flail and wearing a +1 leather armour of willpower (almost dead, extremely poisoned)
The floor.
Okay, then.
Unknown command.
You closely miss Edmund. You bite Edmund, but do no damage.
Edmund is almost dead.
Edmund hits you with a +1 vorpal flail!
You die...

.......#
#.#
.......#
#.#
.......#
#.#
.......#
#.#
########
#.# #.#
#.# #@#
#@# ###


You could see Edmund (extremely poisoned).

Vanquished Creatures
  A jelly (D:2)
  2 orc wizards (D:3)
  2 adders
  4 worms
  8 orcs (D:3)
  4 bats
  2 endoplasms
  2 giant cockroaches
  4 goblins
  8 hobgoblins
  7 jackals (D:1)
  2 quokkas
  3 ball pythons
  5 frilled lizards
  7 kobolds
  6 rats
  A spectral kobold (D:1)
68 creatures vanquished.

Notes
Turn   | Place    | Note
-------+----------+-------------------------------------------
     0 | D:1      | edsrzf the Vine Stalker Air Elementalist began the quest
                  | for the Orb.
     0 | D:1      | Reached XP level 1. HP: 9/9 MP: 4/4
   293 | D:1      | Found a faded altar of an unknown god.
   380 | D:1      | Reached skill level 2 in Conjurations
   380 | D:1      | Reached XP level 2. HP: 13/13 MP: 0/6
   870 | D:1      | Reached XP level 3. HP: 16/16 MP: 2/7
  1049 | D:1      | Reached skill level 3 in Conjurations
  1749 | D:2      | Found a white marble altar of Elyvilon.
  2207 | D:2      | Reached skill level 4 in Conjurations
  2207 | D:2      | Gained mutation: Your natural rate of healing is unusually
                  | fast. [Vine Stalker growth]
  2207 | D:2      | Reached XP level 4. HP: 21/21 MP: 2/8
  2918 | D:3      | Reached XP level 5. HP: 23/24 MP: 1/9
  3096 | D:3      | Reached skill level 5 in Conjurations
  3361 | D:3      | Upgraded the game from 0.28-a0-1142-gc856994 to
                  | 0.28-a0-1143-gcf6077d
  3851 | D:4      | Noticed Edmund
  3895 | D:4      | Identified 3 scrolls of identify
  3895 | D:4      | Identified a potion of cancellation
  3896 | D:4      | Identified 2 scrolls of enchant weapon
  3897 | D:4      | Identified a scroll of enchant armour
  3904 | D:4      | Slain by Edmund

Illustrated notes

Levels and vault maps discovered:
D:1:      minmay_arrival_four_houses, layout_basic,
          dreamdust_ecumenical_altar_drowned_temple
D:2:      layout_loops_ring, basic_altar, nicolae_wormholes
D:3:      layout_loops_cross
D:4:      layout_basic, zin_treasury, uniq_edmund, uniq_pikel

Skill      XL: |  1  2  3  4  5 |
---------------+----------------+-----
Conjurations   | 2 4 5 |  5.4
Dodging        | |  1.5
Stealth        | |  2.4
Spellcasting   | |  2.1
Air Magic      | |  3.0

Action                   |  1- 3 |  4- 6 || total
-------------------------+-------+-------++-------
Melee: Unarmed           |    26 |     9 ||    35
       Bite              |     7 |     6 ||    13
       Dagger            |       |    13 ||    13
 Cast: Shock             |    70 |    85 ||   155
  Use: Scroll            |       |     3 ||     3
 Stab: Sleeping          |       |     1 ||     1
Armor: Robe              |     9 |     4 ||    13
Dodge: Dodged            |    26 |    16 ||    42

Table legend: (Time is in decaauts)
 A = Elapsed time spent in this place.
 B = Non-inter-level travel time spent in this place.
 C = Inter-level travel time spent in this place.
 D = Time resting spent in this place.
 E = Time spent auto-exploring this place.
 F = Levels seen in this place.
 G = Mean time per level.
                   A        B        C        D        E       F      G
               +--------+--------+--------+--------+--------+-----+--------+
         Total |   3908 |   3793 |    115 |   1218 |   1845 |   4 |  977.0 |
       Dungeon |   3908 |   3793 |    115 |   1218 |   1845 |   4 |  977.0 |
               +--------+--------+--------+--------+--------+-----+--------+

Top non-repeatable levels by time:
     D:1: 1664 daAuts
     D:3: 1203 daAuts
     D:2: 947 daAuts
     D:4: 92 daAuts
